General information
- name: BNet
- type: Ladder team game (AT/RT)
- host: Battle.net
- saver: DOGSANDHORSE.RU
map: GoldRush
- players: 8
- length: 32:29
- speed: Fast
- version: 1.24 W3XP
- replay type:

» download(354 KB)
Players
team 1 (winner)
DOGSANDHORSE.RU (
pink | 104 APM | 3369 actions | 32:29)
5 Warden
3 Shadow Strike
2 Blink
5 Pandaren Brewmaster
3 Breath of Fire
2 Drunken Haze
» actions
| Assign group hotkey | 11 | |
| Basic commands | 2 | |
| Build / train | 104 | |
| Enter build submenu | 44 | |
| Enter hero's abilities submenu | 10 | |
| Give item / drop item | 11 | |
| Remove unit from queue | 3 | |
| Right click | 1937 | |
| Select / deselect | 455 | |
| Select group hotkey | 590 | |
| Use ability | 200 | |
3369 total
» units
» upgrades
| Ultravision | 1 | |
| Strength of the Wild | 3 | |
| Nature's Blessing | 1 | |
| Well Spring | 1 | |
| Reinforced Hides | 3 | |
| Strength of the Moon | 0 | |
| Corrosive Breath | 1 | |
10 total
» buildings
| Altar of Elders | 2 | |
| Moon Well | 10 | |
| Ancient of Wonders | 2 | |
| Tree of Life | 10 | |
| Tree of Ages | 1 | |
| Hunter's Hall | 1 | |
| Tree of Eternity | 1 | |
| Ancient of Wind | 1 | |
| Chimaera Roost | 2 | |
| Ancient Protector | 6 | |
36 total
» build order
00:16 Altar of Elders
00:26 Moon Well
01:25 Moon Well
01:31 Ancient of Wonders
02:53 Tree of Life
04:03 Tree of Ages
04:36 Hunter's Hall
05:25 Moon Well
05:26 Moon Well
07:42 Tree of Eternity
08:04 Ancient of Wind
09:16 Moon Well
09:18 Moon Well
10:09 Chimaera Roost
10:14 Ancient Protector
12:06 Chimaera Roost
14:40 Tree of Life
17:06 Tree of Life
23:02 Ancient Protector
23:03 Ancient Protector
23:07 Ancient Protector
23:10 Ancient Protector
23:13 Ancient Protector
25:22 Moon Well
25:23 Moon Well
25:31 Moon Well
25:34 Moon Well
25:47 Tree of Life
25:53 Tree of Life
26:02 Tree of Life
26:39 Altar of Elders
26:58 Tree of Life
27:04 Ancient of Wonders
27:15 Tree of Life
29:50 Tree of Life
30:57 Tree of Life
» items
| Lesser Clarity Potion | 4 | |
| Staff of Preservation | 2 | |
| Potion of Healing | 6 | |
| Orb of Venom | 1 | |
| Anti-magic Potion | 1 | |
| Boots of Speed | 2 | |
| Scroll of Town Portal | 2 | |
| Potion of Lesser Invulnerability | 1 | |
| Staff of Sanctuary | 1 | |
| Staff of Teleportation | 1 | |
21 total
GoToYurup (
teal | 119 APM | 3873 actions | 32:27)
3 Archmage
2 Blizzard
1 Brilliance Aura
2 Blood Mage
1 Flame Strike
1 Siphon Mana
2 Pandaren Brewmaster
1 Breath of Fire
1 Drunken Brawler
» actions
| Assign group hotkey | 346 | |
| Basic commands | 9 | |
| Build / train | 145 | |
| ESC pressed | 2 | |
| Enter build submenu | 79 | |
| Enter hero's abilities submenu | 7 | |
| Give item / drop item | 3 | |
| Remove unit from queue | 2 | |
| Right click | 1960 | |
| Select / deselect | 637 | |
| Select group hotkey | 438 | |
| Use ability | 245 | |
3873 total
» units
| Peasant | 20 | |
| Priest | 3 | |
| Siege Engine | 1 | |
24 total
» upgrades
| Masonry | 2 | |
| Lumber Harvesting | 1 | |
| Magic Sentry | 1 | |
| Priest Training | 2 | |
| Gunpowder | 3 | |
| Plating | 4 | |
| Barrage | 1 | |
| Swords | 1 | |
15 total
» buildings
| Altar of Kings | 3 | |
| Farm | 16 | |
| Lumber Mill | 1 | |
| Scout Tower | 63 | |
| Arcane Tower | 4 | |
| Guard Tower | 49 | |
| Arcane Vault | 2 | |
| Keep | 1 | |
| Town Hall | 2 | |
| Arcane Sanctum | 1 | |
| Gryphon Aviary | 1 | |
| Castle | 1 | |
| Blacksmith | 1 | |
| Workshop | 4 | |
149 total
» build order
00:04 Altar of Kings
00:16 Altar of Kings
00:27 Farm
01:06 Lumber Mill
01:35 Farm
02:12 Scout Tower
02:14 Scout Tower
02:29 Scout Tower
02:30 Scout Tower
02:32 Scout Tower
02:33 Scout Tower
02:58 Arcane Tower
02:58 Arcane Tower
02:59 Arcane Tower
03:26 Guard Tower
03:45 Guard Tower
03:48 Arcane Vault
03:56 Scout Tower
03:57 Scout Tower
04:11 Keep
04:39 Guard Tower
04:39 Guard Tower
04:39 Guard Tower
04:45 Scout Tower
04:51 Guard Tower
04:52 Guard Tower
04:52 Guard Tower
05:27 Guard Tower
06:19 Town Hall
06:22 Scout Tower
06:23 Scout Tower
06:24 Scout Tower
06:53 Arcane Sanctum
06:54 Gryphon Aviary
07:02 Guard Tower
07:13 Scout Tower
07:14 Scout Tower
07:15 Scout Tower
07:16 Scout Tower
08:13 Altar of Kings
09:14 Guard Tower
09:30 Guard Tower
09:30 Guard Tower
09:45 Guard Tower
09:45 Guard Tower
10:25 Guard Tower
10:27 Arcane Tower
11:09 Scout Tower
11:10 Scout Tower
11:11 Scout Tower
11:11 Scout Tower
11:20 Farm
11:22 Farm
11:23 Farm
11:23 Farm
11:49 Guard Tower
11:51 Scout Tower
11:52 Scout Tower
11:53 Scout Tower
11:54 Scout Tower
12:06 Scout Tower
12:07 Scout Tower
12:08 Guard Tower
12:08 Guard Tower
12:14 Scout Tower
12:22 Castle
12:37 Guard Tower
13:00 Guard Tower
13:07 Guard Tower
13:08 Guard Tower
13:08 Guard Tower
13:51 Scout Tower
13:52 Scout Tower
14:45 Guard Tower
15:24 Scout Tower
15:25 Scout Tower
15:26 Scout Tower
15:27 Scout Tower
15:37 Farm
15:38 Farm
16:10 Guard Tower
16:29 Guard Tower
17:09 Arcane Vault
18:18 Scout Tower
18:19 Scout Tower
18:20 Scout Tower
18:21 Scout Tower
19:05 Guard Tower
19:15 Guard Tower
19:52 Guard Tower
21:09 Farm
21:09 Farm
21:40 Scout Tower
21:40 Scout Tower
21:41 Scout Tower
21:41 Scout Tower
21:43 Scout Tower
21:44 Scout Tower
21:44 Scout Tower
21:45 Scout Tower
21:47 Scout Tower
21:47 Scout Tower
21:48 Scout Tower
22:19 Blacksmith
22:25 Guard Tower
23:02 Guard Tower
23:27 Guard Tower
23:30 Guard Tower
23:30 Guard Tower
23:52 Town Hall
23:54 Scout Tower
23:55 Scout Tower
24:26 Guard Tower
24:27 Scout Tower
24:28 Scout Tower
24:30 Scout Tower
24:30 Scout Tower
24:31 Scout Tower
24:32 Scout Tower
24:43 Workshop
24:44 Workshop
24:44 Workshop
24:45 Workshop
24:54 Scout Tower
24:54 Scout Tower
24:55 Scout Tower
24:56 Scout Tower
24:57 Scout Tower
24:59 Scout Tower
25:00 Scout Tower
25:02 Farm
25:03 Farm
25:05 Farm
25:06 Farm
25:12 Farm
25:13 Farm
25:33 Guard Tower
25:33 Guard Tower
25:36 Guard Tower
25:52 Guard Tower
26:52 Guard Tower
26:52 Guard Tower
» items
| Lesser Clarity Potion | 2 | |
| Scroll of Regeneration | 4 | |
| Ivory Tower | 2 | |
| Mechanical Critter | 1 | |
| Potion of Healing | 2 | |
| Boots of Speed | 2 | |
| Staff of Teleportation | 1 | |
| Staff of Sanctuary | 5 | |
| Scroll of Town Portal | 2 | |
21 total
MyLiege_Cyrus (
green | 99 APM | 3208 actions | 32:27)
5 Mountain King
3 Storm Bolt
2 Bash
4 Paladin
2 Holy Light
2 Divine Shield
3 Archmage
1 Brilliance Aura
2 Blizzard
» actions
| Assign group hotkey | 221 | |
| Basic commands | 44 | |
| Build / train | 151 | |
| Enter build submenu | 59 | |
| Enter hero's abilities submenu | 14 | |
| Give item / drop item | 2 | |
| Remove unit from queue | 1 | |
| Right click | 1527 | |
| Select / deselect | 474 | |
| Select group hotkey | 507 | |
| Use ability | 207 | |
3208 total
» units
| Peasant | 49 | |
| Gryphon Rider | 10 | |
| Siege Engine | 12 | |
71 total
» upgrades
| Lumber Harvesting | 2 | |
| Masonry | 2 | |
| Storm Hammers | 1 | |
| Animal War Training | 1 | |
| Swords | 3 | |
| Armor | 3 | |
| Gunpowder | 3 | |
| Barrage | 1 | |
| Plating | 1 | |
17 total
» buildings
| Altar of Kings | 1 | |
| Farm | 12 | |
| Lumber Mill | 1 | |
| Scout Tower | 43 | |
| Arcane Tower | 6 | |
| Town Hall | 6 | |
| Keep | 3 | |
| Guard Tower | 18 | |
| Arcane Vault | 5 | |
| Castle | 1 | |
| Barracks | 1 | |
| Blacksmith | 2 | |
| Gryphon Aviary | 2 | |
| Workshop | 3 | |
104 total
» build order
00:03 Altar of Kings
00:21 Farm
00:56 Farm
01:11 Lumber Mill
02:23 Scout Tower
02:55 Arcane Tower
03:28 Town Hall
03:39 Scout Tower
03:42 Scout Tower
03:45 Scout Tower
04:09 Farm
05:05 Keep
05:05 Keep
05:49 Arcane Tower
05:49 Guard Tower
05:53 Scout Tower
05:58 Scout Tower
06:02 Scout Tower
06:04 Scout Tower
06:08 Arcane Vault
06:21 Guard Tower
06:36 Guard Tower
07:14 Town Hall
07:19 Scout Tower
07:20 Scout Tower
07:21 Scout Tower
07:23 Scout Tower
07:24 Scout Tower
07:25 Scout Tower
07:26 Arcane Vault
07:28 Guard Tower
07:29 Castle
07:31 Guard Tower
07:57 Arcane Vault
08:00 Arcane Tower
08:00 Guard Tower
08:47 Guard Tower
08:50 Farm
08:50 Farm
08:51 Farm
09:19 Barracks
09:24 Blacksmith
09:42 Guard Tower
10:17 Gryphon Aviary
10:19 Gryphon Aviary
10:48 Town Hall
10:53 Scout Tower
11:01 Scout Tower
11:02 Scout Tower
11:03 Scout Tower
11:03 Scout Tower
11:05 Arcane Vault
11:25 Guard Tower
11:30 Scout Tower
12:18 Arcane Tower
12:19 Guard Tower
12:23 Farm
12:24 Farm
12:25 Farm
12:25 Farm
12:26 Farm
12:27 Farm
14:57 Guard Tower
14:59 Scout Tower
14:59 Scout Tower
15:00 Scout Tower
15:01 Scout Tower
16:01 Town Hall
17:01 Guard Tower
17:06 Scout Tower
17:07 Scout Tower
17:08 Scout Tower
17:10 Scout Tower
17:10 Scout Tower
17:11 Scout Tower
17:11 Scout Tower
17:12 Scout Tower
17:13 Scout Tower
18:27 Arcane Tower
18:27 Guard Tower
18:28 Guard Tower
18:31 Scout Tower
18:32 Scout Tower
19:04 Arcane Tower
19:04 Guard Tower
19:06 Arcane Vault
19:22 Guard Tower
19:25 Scout Tower
19:25 Scout Tower
19:26 Scout Tower
21:36 Blacksmith
21:40 Workshop
21:43 Workshop
23:39 Workshop
25:34 Town Hall
26:24 Scout Tower
26:25 Scout Tower
26:26 Scout Tower
26:33 Scout Tower
26:34 Scout Tower
29:18 Guard Tower
30:01 Town Hall
» items
| Boots of Speed | 2 | |
| Staff of Teleportation | 3 | |
| Circlet of Nobility | 1 | |
| Lesser Clarity Potion | 1 | |
| Scroll of Regeneration | 3 | |
| Scroll of Town Portal | 5 | |
| Staff of Sanctuary | 2 | |
| Orb of Fire | 2 | |
19 total
NutsOnYoChin.de (
blue | 120 APM | 3893 actions | 32:27)
8 Archmage
3 Blizzard
3 Brilliance Aura
1 Mass Teleport
1 Summon Water Elemental
» actions
| Assign group hotkey | 40 | |
| Basic commands | 60 | |
| Build / train | 118 | |
| ESC pressed | 2 | |
| Enter build submenu | 69 | |
| Enter hero's abilities submenu | 8 | |
| Give item / drop item | 6 | |
| Right click | 1847 | |
| Select / deselect | 338 | |
| Select group hotkey | 1235 | |
| Use ability | 170 | |
3893 total
» units
| Peasant | 32 | |
| Footman | 7 | |
| Gryphon Rider | 10 | |
49 total
» upgrades
| Masonry | 3 | |
| Defend | 1 | |
| Lumber Harvesting | 2 | |
| Magic Sentry | 1 | |
| Swords | 3 | |
| Armor | 3 | |
| Storm Hammers | 1 | |
| Animal War Training | 1 | |
| Gunpowder | 3 | |
| Plating | 3 | |
| Barrage | 1 | |
22 total
» buildings
| Altar of Kings | 2 | |
| Farm | 10 | |
| Barracks | 1 | |
| Scout Tower | 44 | |
| Arcane Tower | 4 | |
| Lumber Mill | 1 | |
| Guard Tower | 16 | |
| Arcane Vault | 2 | |
| Town Hall | 6 | |
| Keep | 1 | |
| Arcane Sanctum | 1 | |
| Castle | 1 | |
| Gryphon Aviary | 3 | |
| Blacksmith | 2 | |
| Workshop | 3 | |
97 total
» build order
00:15 Altar of Kings
00:21 Farm
01:57 Barracks
02:01 Farm
02:41 Scout Tower
03:41 Arcane Tower
03:42 Lumber Mill
03:47 Farm
04:23 Farm
04:25 Farm
04:27 Scout Tower
04:54 Farm
05:05 Guard Tower
05:50 Arcane Vault
05:51 Arcane Vault
05:54 Farm
06:02 Scout Tower
06:03 Scout Tower
06:19 Scout Tower
06:55 Guard Tower
06:56 Farm
07:01 Guard Tower
07:35 Town Hall
07:41 Scout Tower
07:42 Scout Tower
07:46 Scout Tower
07:47 Scout Tower
07:48 Scout Tower
07:49 Scout Tower
07:50 Scout Tower
08:38 Guard Tower
08:41 Arcane Tower
09:01 Keep
09:40 Scout Tower
09:40 Scout Tower
09:44 Guard Tower
10:21 Scout Tower
10:21 Scout Tower
10:23 Scout Tower
10:23 Scout Tower
10:38 Town Hall
10:50 Scout Tower
10:50 Scout Tower
10:51 Scout Tower
10:52 Scout Tower
10:52 Scout Tower
10:53 Scout Tower
10:53 Scout Tower
10:54 Scout Tower
11:21 Guard Tower
11:24 Arcane Tower
11:24 Guard Tower
11:37 Arcane Sanctum
11:45 Guard Tower
12:35 Guard Tower
12:54 Castle
12:54 Guard Tower
13:00 Farm
13:01 Farm
13:21 Gryphon Aviary
13:48 Gryphon Aviary
13:50 Gryphon Aviary
13:55 Blacksmith
14:02 Blacksmith
16:08 Scout Tower
16:10 Scout Tower
16:12 Scout Tower
16:35 Guard Tower
16:39 Guard Tower
16:41 Guard Tower
17:21 Town Hall
17:27 Scout Tower
17:27 Scout Tower
17:28 Scout Tower
17:29 Scout Tower
17:30 Scout Tower
18:57 Altar of Kings
19:09 Guard Tower
20:31 Town Hall
20:48 Scout Tower
20:49 Scout Tower
20:49 Scout Tower
20:50 Scout Tower
20:51 Scout Tower
20:51 Scout Tower
20:52 Scout Tower
20:52 Scout Tower
21:31 Workshop
21:40 Scout Tower
21:41 Scout Tower
21:47 Workshop
21:48 Workshop
22:21 Guard Tower
22:34 Arcane Tower
28:09 Guard Tower
28:31 Town Hall
31:02 Town Hall
» items
| Scroll of Regeneration | 9 | |
| Lesser Clarity Potion | 1 | |
| Boots of Speed | 1 | |
| Periapt of Vitality | 1 | |
| Scroll of Town Portal | 3 | |
| Staff of Sanctuary | 1 | |
16 total
team 2 (loser)
Csartak (
orange | 161 APM | 5215 actions | 32:22)
4 Far Seer
2 Feral Spirit
2 Chain Lighting
4 Tauren Chieftain
2 Shockwave
2 Endurance Aura
» actions
| Assign group hotkey | 26 | |
| Build / train | 74 | |
| Enter build submenu | 17 | |
| Enter hero's abilities submenu | 8 | |
| Give item / drop item | 3 | |
| Remove unit from queue | 7 | |
| Right click | 1670 | |
| Select / deselect | 617 | |
| Select group hotkey | 2735 | |
| Use ability | 58 | |
5215 total
» units
| Peon | 14 | |
| Grunt | 4 | |
| Troll Witch Doctor | 8 | |
| Tauren | 8 | |
| Shaman | 4 | |
38 total
» upgrades
| Witch Doctor Training | 2 | |
| Shaman Training | 2 | |
| Pulverize | 1 | |
| Armor | 2 | |
| Reinforced Defenses | 1 | |
| Melee Weapons | 2 | |
| Spiked Barricades | 1 | |
11 total
» buildings
| Orc Burrow | 7 | |
| Altar of Storms | 1 | |
| Voodoo Lounge | 1 | |
| Barracks | 1 | |
| Stronghold | 1 | |
| War Mill | 1 | |
| Fortress | 1 | |
| Spirit Lodge | 2 | |
| Great Hall | 2 | |
| Tauren Totem | 1 | |
| Watch Tower | 1 | |
19 total
» build order
00:09 Orc Burrow
00:13 Altar of Storms
01:03 Voodoo Lounge
01:45 Orc Burrow
02:14 Barracks
02:51 Orc Burrow
03:16 Stronghold
03:57 War Mill
05:51 Fortress
05:54 Orc Burrow
05:56 Spirit Lodge
06:16 Spirit Lodge
08:07 Great Hall
08:17 Tauren Totem
13:04 Orc Burrow
13:59 Orc Burrow
16:09 Watch Tower
17:01 Orc Burrow
22:46 Great Hall
» items
| Potion of Healing | 2 | |
| Orb of Lightning | 1 | |
| Potion of Mana | 1 | |
| Scroll of Speed | 1 | |
| Scroll of Town Portal | 1 | |
6 total
Darthvictory (
purple | 65 APM | 2097 actions | 32:22)
4 Demon Hunter
2 Mana Burn
2 Evasion
3 Keeper of the Grove
2 Entangling Roots
1 Thorns Aura
» actions
| Assign group hotkey | 33 | |
| Basic commands | 24 | |
| Build / train | 66 | |
| Enter build submenu | 22 | |
| Enter hero's abilities submenu | 7 | |
| Remove unit from queue | 2 | |
| Right click | 1084 | |
| Select / deselect | 560 | |
| Select group hotkey | 210 | |
| Use ability | 89 | |
2097 total
» units
| Wisp | 33 | |
| Glaive Thrower | 9 | |
| Hippogryph | 6 | |
48 total
» upgrades
| Ultravision | 1 | |
| Vorpal Blades | 1 | |
2 total
» buildings
| Altar of Elders | 1 | |
| Moon Well | 6 | |
| Ancient of War | 2 | |
| Hunter's Hall | 1 | |
| Ancient Protector | 1 | |
| Tree of Ages | 1 | |
| Ancient of Wonders | 1 | |
| Ancient of Wind | 1 | |
| Tree of Eternity | 1 | |
| Tree of Life | 3 | |
| Chimaera Roost | 1 | |
19 total
» build order
00:07 Altar of Elders
00:23 Moon Well
00:59 Ancient of War
01:52 Moon Well
02:13 Moon Well
02:26 Ancient of War
03:50 Moon Well
03:54 Hunter's Hall
05:02 Moon Well
05:27 Ancient Protector
07:11 Tree of Ages
09:41 Ancient of Wonders
10:35 Moon Well
15:20 Ancient of Wind
17:33 Tree of Eternity
21:14 Tree of Life
21:20 Tree of Life
22:42 Chimaera Roost
23:53 Tree of Life
» items
| Staff of Preservation | 1 | |
| Potion of Healing | 1 | |
| Healing Salve | 1 | |
3 total
Protectsaca (
yellow | 55 APM | 1782 actions | 32:19)
5 Archmage
3 Blizzard
2 Brilliance Aura
4 Mountain King
2 Storm Bolt
2 Bash
4 Paladin
2 Holy Light
2 Divine Shield
» actions
| Assign group hotkey | 28 | |
| Basic commands | 30 | |
| Build / train | 101 | |
| Enter build submenu | 40 | |
| Enter hero's abilities submenu | 13 | |
| Right click | 686 | |
| Select / deselect | 354 | |
| Select group hotkey | 415 | |
| Use ability | 115 | |
1782 total
» units
| Peasant | 16 | |
| Rifleman | 6 | |
| Dragonhawk Rider | 5 | |
| Flying Machine | 26 | |
| Mortar Team | 2 | |
55 total
» upgrades
| Masonry | 3 | |
| Gunpowder | 2 | |
| Long Rifles | 1 | |
| Lumber Harvesting | 2 | |
| Armor | 2 | |
| Cloud | 1 | |
| Fragmentation Shards | 1 | |
| Flare | 1 | |
| Barrage | 1 | |
| Flak Cannons | 1 | |
| Plating | 1 | |
| Flying Machine Bombs | 1 | |
17 total
» buildings
| Barracks | 1 | |
| Altar of Kings | 1 | |
| Farm | 16 | |
| Lumber Mill | 2 | |
| Scout Tower | 12 | |
| Guard Tower | 4 | |
| Blacksmith | 1 | |
| Arcane Tower | 2 | |
| Keep | 1 | |
| Town Hall | 2 | |
| Castle | 1 | |
| Gryphon Aviary | 3 | |
| Workshop | 2 | |
| Arcane Vault | 1 | |
| Cannon Tower | 3 | |
52 total
» build order
00:13 Barracks
00:24 Altar of Kings
01:15 Farm
01:24 Farm
02:07 Farm
02:26 Farm
02:28 Farm
02:46 Farm
02:51 Lumber Mill
02:56 Farm
03:06 Scout Tower
03:57 Guard Tower
04:01 Scout Tower
04:06 Scout Tower
04:18 Blacksmith
04:22 Farm
04:26 Farm
04:37 Guard Tower
04:40 Arcane Tower
05:44 Keep
07:23 Farm
08:08 Town Hall
08:11 Scout Tower
08:12 Scout Tower
08:12 Scout Tower
08:13 Scout Tower
08:14 Scout Tower
08:17 Farm
08:19 Farm
08:23 Farm
09:45 Castle
09:57 Guard Tower
11:04 Gryphon Aviary
12:59 Gryphon Aviary
13:05 Workshop
13:58 Workshop
14:02 Farm
14:11 Arcane Vault
14:15 Scout Tower
14:18 Scout Tower
14:22 Scout Tower
14:51 Cannon Tower
14:53 Farm
14:54 Farm
14:57 Scout Tower
15:27 Cannon Tower
15:34 Arcane Tower
17:14 Cannon Tower
19:08 Gryphon Aviary
19:48 Lumber Mill
20:42 Guard Tower
30:39 Town Hall
» items
Sinitar19 (
red | 75 APM | 2433 actions | 32:27)
5 Death Knight
3 Death Coil
2 Unholy Aura
1 Lich
1 Frost Nova
» actions
| Build / train | 81 | |
| Enter build submenu | 24 | |
| Enter hero's abilities submenu | 7 | |
| Give item / drop item | 2 | |
| Remove unit from queue | 1 | |
| Right click | 1759 | |
| Select / deselect | 451 | |
| Use ability | 108 | |
2433 total
» units
| Acolyte | 11 | |
| Ghoul | 6 | |
| Crypt Fiend | 14 | |
| Obsidian Statue | 5 | |
| Abomination | 3 | |
| Gargoyle | 3 | |
42 total
» upgrades
| Creature Attack | 2 | |
| Web | 1 | |
| Burrow | 1 | |
| Creature Carapace | 1 | |
| Destroyer Form | 1 | |
6 total
» buildings
| Graveyard | 1 | |
| Crypt | 1 | |
| Altar of Darkness | 1 | |
| Tomb of Relics | 1 | |
| Ziggurat | 7 | |
| Halls of the Dead | 4 | |
| Black Citadel | 6 | |
| Sacrificial Pit | 1 | |
| Slaughterhouse | 2 | |
| Necropolis | 3 | |
27 total
» build order
00:07 Graveyard
00:11 Crypt
00:39 Altar of Darkness
01:00 Tomb of Relics
01:17 Ziggurat
02:18 Ziggurat
02:34 Ziggurat
03:49 Halls of the Dead
03:49 Halls of the Dead
04:41 Ziggurat
06:14 Black Citadel
06:15 Black Citadel
06:15 Black Citadel
06:53 Ziggurat
06:56 Sacrificial Pit
08:25 Slaughterhouse
08:26 Slaughterhouse
09:34 Ziggurat
12:18 Ziggurat
13:10 Necropolis
19:08 Necropolis
30:55 Necropolis
» items
| Rod of Necromancy | 1 | |
| Potion of Healing | 1 | |
| Potion of Mana | 5 | |
7 total
Chat log
(08:28 / Allies) NutsOnYoChin.de: G0LD
(32:22 / All) MyLiege_Cyrus: Nooblord